 Dungeon Crawl Stone Soup version 0.26.0-10-g1f06aea511 (webtiles) character file.

Game seed: 16231547067069875202

111911 vatarom the Warrior (level 16, -12/136 HPs)
             Began as a Demonspawn Abyssal Knight on Jan 15, 2021.
             Was an Elder of Lugonu.
             Mangled by an alligator (21 damage)
             ... called by a spriggan druid
             ... on level 1 of the Swamp.
             The game lasted 01:04:00 (41478 turns).

vatarom the Warrior (Demonspawn Abyssal Knight)    Turns: 41478, Time: 01:04:01

Health: -12/136    AC: 30    Str: 21    XL:     16   Next: 10%
Magic:  26/26      EV: 14    Int: 14    God:    Lugonu [****..]
Gold:   3720       SH: 14    Dex: 21    Spells: 15/15 levels left

rFire    + . .     SeeInvis +   H - +3 demon trident (venom)
rCold    + + .     Faith    .   d - +3 buckler
rNeg     + + .     Spirit   .   P - +1 gold dragon scales
rPois    +         Reflect  +   (helmet unavailable)
rElec    .         Harm     .   R - +2 cloak
rCorr    +         Rampage  .   O - +0 pair of gloves
Will     +....                  K - +2 pair of boots {Fly}
Stlth    ..........             l - amulet of reflection
HPRegen  0.32/turn              j - +6 ring of dexterity
MPRegen  0.20/turn              t - ring of Xipir {+Blink rN+ rCorr Str+4}

@: agile, about to teleport, flying
A: antennae 3, slimy green scales 2, cold resistance 1, negative energy
resistance 1, powered by pain 1, 50% torment resistance, freezing cloud immunity
a: Stop Flying, Renounce Religion, Evoke Blink, Depart the Abyss, Bend Space,
Banish, Corrupt


You were on level 1 of the Swamp.
You worshipped Lugonu.
Lugonu was greatly pleased with you.
You visited 5 branches of the dungeon, and saw 26 of its levels.
You visited the Abyss 3 times.
You also visited: Trove.

You collected 3824 gold pieces.
You spent 104 gold pieces at shops.

Inventory:

Hand Weapons
 H - a +3 demon trident of venom (weapon)
Missiles
 I - 489 bolts
Armour
 d - a +3 buckler (worn)
 g - a +1 hat
 s - a +1 chain mail
 K - a +2 pair of boots of flying (worn)
 O - a +0 pair of gloves (worn)
 P - +1 gold dragon scales (worn)
 Q - a +1 kite shield of protection
 R - a +2 cloak (worn)
Jewellery
 c - an uncursed ring of ice
 i - an uncursed ring of see invisible
 j - a +6 ring of dexterity (left hand)
 l - an amulet of reflection (around neck)
 p - a +4 ring of protection
 t - the ring of Xipir (right hand) {+Blink rN+ rCorr Str+4}
   (You found it on level 2 of the Lair of Beasts)

   [ring of resist corrosion]

   It affects your strength (+4).
   It protects you from negative energy.
   It lets you blink.
   It provides partial protection from all sources of acid and corrosion.
 N - a +6 ring of strength
Wands
 a - a wand of digging (14) {@v1}
 h - a wand of acid (57) {@v2}
 u - a wand of enslavement (8)
 x - a wand of polymorph (19)
 y - a wand of iceblast (31) {@v4}
 E - a wand of disintegration (14)
 F - a wand of flame (85)
 M - a wand of paralysis (35)
 S - a wand of random effects (47)
Scrolls
 e - 5 scrolls of amnesia
 k - 15 scrolls of remove curse {@r2}
 m - 7 scrolls of immolation
 q - 7 scrolls of magic mapping
 r - 7 scrolls of identify {@r1}
 z - 2 scrolls of fog
 B - 3 scrolls of teleportation {@r3}
 J - a scroll of silence
 T - a scroll of enchant armour
Potions
 b - a potion of berserk rage
 n - 3 potions of attraction
 v - a potion of invisibility
 w - 3 potions of resistance
 A - 3 potions of flight
 C - a potion of haste {@q3}
 D - 2 potions of mutation
 L - 5 potions of might {@q4}


   Skills:
 + Level 15.0 Fighting
 + Level 14.0 Polearms
 + Level 10.3 Armour
 - Level 9.4 Dodging
 * Level 4.1 Shields
 - Level 13.8 Invocations
 - Level 7.0 Evocations


You had 15 spell levels left.
You didn't know any spells.
Your spell library contained the following spells:

 Spells                   Type           Power        Failure   Level
 Animate Skeleton         Necr           0%           100%        1
 Apportation              Tloc           0%           100%        1
 Corona                   Hex            0%           100%        1
 Freeze                   Ice            0%           100%        1
 Sting                    Tmut/Pois      0%           100%        1
 Summon Small Mammal      Summ           0%           100%        1
 Call Imp                 Summ           0%           100%        2
 Ensorcelled Hibernation  Hex/Ice        0%           100%        2
 Poisonous Vapours        Pois/Air       0%           100%        2
 Call Canine Familiar     Summ           0%           100%        3
 Confusing Touch          Hex            0%           100%        3
 Dazzling Flash           Conj/Hex       0%           100%        3
 Frozen Ramparts          Ice            0%           100%        3
 Ignite Poison            Fire/Tmut/Pois 0%           100%        3
 Lesser Beckoning         Tloc           0%           100%        3
 Mephitic Cloud           Conj/Pois/Air  0%           100%        3
 Ozocubu's Armour         Ice            0%           100%        3
 Stone Arrow              Conj/Erth      0%           100%        3
 Summon Guardian Golem    Hex/Summ       0%           100%        3
 Tukima's Dance           Hex            0%           100%        3
 Hailstorm                Conj/Ice       0%           100%        4
 Iskenderun's Mystic Bla  Conj/Tloc      0%           100%        4
 Leda's Liquefaction      Hex/Erth       0%           100%        4
 Olgreb's Toxic Radiance  Pois           0%           100%        4
 Passage of Golubria      Tloc           N/A          100%        4
 Summon Ice Beast         Ice/Summ       0%           100%        4
 Summon Lightning Spire   Summ/Air       0%           100%        4
 Alistair's Intoxication  Tmut/Pois      0%           100%        5
 Bolt of Magma            Conj/Fire/Erth 0%           100%        5
 Iskenderun's Battlesphe  Conj           0%           100%        5
 Invisibility             Hex            0%           100%        6
 Iron Shot                Conj/Erth      0%           100%        6
 Orb of Destruction       Conj           0%           100%        7
 Spellforged Servitor     Conj/Summ      0%           100%        7


Dungeon Overview and Level Annotations

Branches:
Dungeon (15/15)            Temple (0/1) D:4            Lair (6/6) D:9
  Swamp (1/4) Lair:3        Snake (2/4) Lair:4        Slime (0/5) Lair:6
    Orc (2/2) D:11            Elf (0/3) Orc:2        Vaults (0/5) D:14
 Depths (0/5) D:15

Altars:
Ashenzari
Qazlal
Ru
Sif Muna
Trog
Vehumet
Beogh
Jiyva

Shops:
D:6 }   Orc:2 *=[*

Annotations:
Lair:1 1 runed translucent door, Raspi's ghost, journeyman TeGl
Lair:2 1 runed translucent door, tv1990's ghost, journeyman FoMo


Innate Abilities, Weirdness & Mutations

You have a pair of large antennae on your head. (SInv)
You are mostly covered in slimy green scales. (AC +3)
Your flesh is cold resistant. (rC+)
You resist negative energy. (rN+)
You sometimes gain a little power by taking damage.
You are somewhat able to resist unholy torments (1 in 2 success).
You are immune to freezing clouds.


Message History

You block the alligator's attack. You block the spriggan rider's attack.
A vampire mosquito comes into view.
Okay, then.
You feel better.
A goliath frog comes into view.
The alligator bites you but does no damage.
You block the alligator's attack. You block the spriggan rider's attack.
Okay, then.
The alligator closely misses you. You block the alligator's attack.
The spriggan rider hits you from afar with a +0 spear.
* * * LOW HITPOINT WARNING * * *
The alligator bites you.
* * * LOW HITPOINT WARNING * * *
You block the alligator's attack. The bunyip claws you.
* * * LOW HITPOINT WARNING * * *
You block the bunyip's attack. The bunyip misses you.
As you read the scroll of teleportation {@r3}, it crumbles to dust.
You feel strangely unstable. You block the spriggan rider's attack.
The alligator bites you!!
You die...

♣.≈≈≈≈...♣.≈≈≈.
♣♣♣.≈≈≈...≈♣.≈≈≈≈
.≈.≈≈≈≈≈≈≈≈≈....♣♣
...≈≈≈≈≈≈≈≈≈......
≈≈♣.§≈≈≈≈F)≈..§≈≈≈
...≈≈.≈≈≈≈...§§§≈≈≈≈.§≈≈y..
≈≈≈≈≈.≈≈≈≈..≈≈.≈≈i)y..§≈.♣
≈.≈≈..≈≈≈...≈...≈t.♣♣....♣
≈≈...≈...♣♣..≈♣.@x.≈.≈≈.♣
≈≈≈≈≈.§≈....≈♣♣♣♣♣≈.≈≈§.♣♣
≈.(≈≈≈≈≈≈.......♣♣♣..≈§≈.♣♣
≈....≈≈≈..♣♣♣≈>.≈♣♣♣.≈≈≈≈≈♣
≈........♣≈....♣...♣.≈≈≈≈.♣
♣.≈≈.♣..♣≈≈≈≈≈§≈≈≈♣♣♣.≈≈.≈♣
♣..≈≈♣♣≈...≈≈≈≈≈≈.........♣
≈≈...≈♣.....≈....≈♣≈.♣†≈♣♣♣
......♣..≈♣.....♣♣♣♣♣♣..≈♣♣


You could see a bunyip (strong), an alligator (strong, swift, very poisoned), a
spriggan rider, a goliath frog and a vampire mosquito.

Vanquished Creatures
  Rupert (D:14)
  Gastronok (Lair:1)
  Nessos (D:14)
  Snorg (D:10)
  A fire dragon (D:14)
  Fannar (Orc:1)
  3 boulder beetles
  4 vault guards (D:14)
  A yaktaur captain (D:15)
  5 hydras
  4 centaur warriors
  2 anacondas (Snake:1)
  4 two-headed ogres
  An alligator (Swamp:1)
  6 death yaks
  An orc high priest (Orc:1)
  2 tengu warriors
  2 shock serpents (Snake:1)
  A naga sharpshooter (Snake:1)
  Nergalle (D:12)
  Sonja (D:12)
  The ghost of Dirian the Carver, a novice MiFi of Zin (D:8)
  A spriggan druid (Swamp:1)
  2 unseen horrors
  Pikel (D:4)
  A lindwurm (Lair:6)
  3 orc knights
  A bog body (Swamp:1)
  A lindwurm (shapeshifter) (D:15)
  2 deep elf magi
  4 salamanders
  A mana viper (Snake:2)
  An orc sorcerer (Orc:1)
  14 ugly things
  An oklob plant (Lair:2)
  3 elephants (Lair:6)
  4 cyclopes
  3 manticores
  13 black mambas
  Maurice (D:13)
  4 centaur zombies
  2 molten gargoyles (Lair:6)
  Psyche (D:8)
  9 cane toads
  A torpor snail (Lair:5)
  3 centaur skeletons
  A yaktaur (D:15)
  5 rime drakes
  16 komodo dragons
  A tengu conjurer (D:15)
  2 polar bears
  A wolf spider simulacrum (D:15)
  10 trolls
  2 tyrant leeches
  A hornet (D:11)
  14 slime creatures
  7 dream sheep
  24 blink frogs
  A ynoxinul (Abyss:1)
  A shadow (D:11)
  9 spriggans (Lair:2)
  4 wraiths
  5 wyverns
  4 humans (D:6)
  46 yaks
  A steam dragon (Lair:6)
  2 basilisks
  A small abomination (Abyss:1)
  Edmund (D:4)
  2 vampire mosquitoes (D:12)
  3 wargs
  Menkaure (D:4)
  A swamp worm (Lair:3)
  3 acid dragons
  3 nagas (Lair:4)
  29 water moccasins
  2 soldier ants
  A water moccasin (shapeshifter) (D:14)
  A swamp drake (Swamp:1)
  4 hell hounds (Lair:6)
  40 orc warriors
  4 ice beasts
  3 phantoms
  14 ogres
  3 sky beasts
  4 black bears
  5 boggarts (D:14)
  18 centaurs
  A swamp dragon zombie (Abyss:1)
  2 lemures (D:4)
  22 wolves
  Blork the orc (D:4)
  4 big kobolds
  A gnoll sergeant (D:9)
  16 bullfrogs
  A water moccasin zombie (D:12)
  4 scorpions
  A scorpion (shapeshifter) (D:15)
  8 killer bees (D:11)
  An electric eel (Lair:3)
  A vampire bat (Lair:5)
  3 wights (D:8)
  3 howler monkeys
  A bullfrog zombie (D:12)
  5 lava snakes (Lair:6)
  A quasit (D:9)
  4 jellies
  14 orc priests
  5 hounds
  22 orc wizards
  Crazy Yiuf (D:4)
  5 iguanas
  4 worker ants
  2 hound skeletons
  9 gnolls
  25 adders
  A howler monkey skeleton (D:7)
  3 shadow imps
  3 white imps
  2 adder zombies
  An adder skeleton (D:9)
  3 worms
  2 dart slugs (D:1)
  3 leopard geckos
  75 orcs
  4 ball pythons
  16 giant cockroaches
  15 goblins
  7 hobgoblins
  14 jackals
  2 quokkas
  20 bats
  4 frilled lizards
  A jackal skeleton (D:5)
  27 kobolds
  A leopard gecko skeleton (D:3)
  A quokka skeleton (D:4)
  A quokka zombie (D:6)
  9 rats
804 creatures vanquished.

Vanquished Creatures (others)
  A bloated husk (Swamp:1)
  A spriggan (Swamp:1)
  A kobold (D:13)
  54 fungi
  112 plants
169 creatures vanquished.

Grand Total: 973 creatures vanquished

Notes
Turn   | Place    | Note
-------+----------+-------------------------------------------
     0 | Abyss:1  | vatarom the Demonspawn Abyssal Knight began the quest for
                  | the Orb.
     0 | Abyss:1  | Reached XP level 1. HP: 18/18 MP: 2/2
    18 | D:1      | Escaped the Abyss
   172 | D:1      | Gained mutation: You are partially covered in slimy green
                  | scales. (AC +2) [demonic ancestry]
   172 | D:1      | Reached XP level 2. HP: 24/24 MP: 3/3
   203 | D:1      | Reached skill level 1 in Shields
   298 | D:1      | Reached ** piety under Lugonu
   518 | D:1      | Reached XP level 3. HP: 29/29 MP: 4/4
  1166 | D:2      | Gained mutation: Your flesh is cold resistant. (rC+)
                  | [demonic ancestry]
  1166 | D:2      | Reached XP level 4. HP: 30/35 MP: 5/5
  2665 | D:3      | You fall into a shaft and drop 2 floors!
  2665 | D:5      | Entered Level 5 of the Dungeon
  2694 | D:5      | Noticed a lemure
  2694 | D:5      | Noticed a lemure
  2694 | D:5      | Noticed a lemure
  2694 | D:5      | Noticed a lemure
  2696 | D:5      | Noticed Pikel
  2713 | D:4      | Noticed an ogre
  2722 | D:4      | Killed an ogre
  2723 | D:4      | Reached XP level 5. HP: 39/41 MP: 6/6
  2872 | D:4      | Noticed Edmund
  3088 | D:4      | Noticed Menkaure
  3114 | D:4      | Found a runed translucent door.
  3115 | D:4      | Noticed Crazy Yiuf
  3131 | D:4      | Killed Crazy Yiuf
  3132 | D:4      | Gained mutation: You have a pair of small antennae on your
                  | head. [demonic ancestry]
  3132 | D:4      | Reached XP level 6. HP: 29/47 MP: 7/7
  3141 | D:4      | Got a polished mace
  3142 | D:4      | Identified the +7 mace of Change {vorpal, rElec rPois rF-
                  | rN+++} (You found it on level 4 of the Dungeon)
  3312 | D:4      | Found a staircase to the Ecumenical Temple.
  3312 | D:4      | Noticed Blork the orc
  4378 | D:3      | Reached *** piety under Lugonu
  4753 | D:4      | Killed Edmund
  4996 | D:4      | Killed Blork the orc
  4997 | D:4      | Gained mutation: You sometimes gain a little power by
                  | taking damage. [demonic ancestry]
  4997 | D:4      | Reached XP level 7. HP: 51/52 MP: 9/9
  5394 | D:4      | Killed Pikel
  5395 | D:4      | Reached skill level 4 in Fighting
  5395 | D:4      | Reached skill level 5 in Polearms
  5395 | D:4      | Reached XP level 8. HP: 40/60 MP: 10/12
  5574 | D:5      | Noticed a two-headed ogre
  6072 | D:4      | Killed Menkaure
  6803 | D:6      | Found a broken altar of Ashenzari.
  6958 | D:6      | Reached skill level 5 in Fighting
  6988 | D:6      | Found Hezip's Gadget Emporium.
  7055 | D:6      | Noticed a cyclops
  7097 | D:6      | Reached **** piety under Lugonu
  7111 | D:6      | Gained mutation: You are mostly covered in slimy green
                  | scales. (AC +3) [demonic ancestry]
  7111 | D:6      | Reached XP level 9. HP: 54/68 MP: 15/15
  7128 | D:6      | Killed a cyclops
  7923 | D:7      | Reached skill level 5 in Armour
  7943 | D:7      | Reached skill level 6 in Fighting
  8072 | D:7      | You fall into a shaft and drop 1 floor!
  8105 | D:8      | Reached skill level 10 in Invocations
  8196 | D:8      | Noticed Psyche
  8223 | D:8      | Paralysed by Psyche for 3 turns
  8228 | D:8      | Killed Psyche
  8660 | D:8      | Gained mutation: You are immune to freezing clouds.
                  | [demonic ancestry]
  8660 | D:8      | Reached XP level 10. HP: 77/77 MP: 17/17
  8988 | D:7      | Reached skill level 7 in Fighting
  9854 | D:8      | Found a large runed translucent door.
  9854 | D:8      | Found a large runed translucent door.
  9856 | D:8      | Noticed Dirian's ghost (novice MiFi)
 10517 | D:9      | Found a radiant altar of Vehumet.
 10562 | D:9      | You fall into a shaft and drop 3 floors!
 10562 | D:12     | Noticed Nergalle
 10567 | D:12     | Noticed Sonja
 10569 | D:12     | Killed Nergalle
 10571 | D:12     | Killed Sonja
 10734 | D:12     | Reached skill level 8 in Fighting
 10757 | D:12     | Noticed a boulder beetle
 11227 | D:12     | Noticed a white ugly thing
 11230 | D:12     | Banished a white ugly thing
 11314 | D:12     | Killed an unseen horror
 11317 | D:12     | Banished a boulder beetle
 11318 | D:12     | Gained mutation: You have a pair of antennae on your head.
                  | [demonic ancestry]
 11318 | D:12     | Reached XP level 11. HP: 47/87 MP: 5/18
 11715 | D:12     | Noticed a two-headed ogre
 11786 | D:12     | Killed a two-headed ogre
 12117 | D:12     | Reached skill level 9 in Fighting
 12197 | D:12     | Noticed a deep elf mage
 12206 | D:12     | Killed a deep elf mage
 12632 | D:12     | Reached skill level 10 in Polearms
 12896 | D:12     | Noticed a cyan ugly thing
 12898 | D:12     | Banished a cyan ugly thing
 13225 | D:13     | Noticed a four-headed hydra
 13235 | D:12     | Killed a four-headed hydra
 13816 | D:11     | Found a portal to a secret trove of treasure.
 13838 | D:11     | You paid a toll of 5 scrolls of fear to enter a treasure
                  | trove
 13839 | Trove    | Entered a treasure trove
 13847 | Trove    | Got a pitted spear
 13848 | Trove    | Identified the +0 spear "Weuluipp" {drain, rF+ rC++} (You
                  | found it in a treasure trove)
 13852 | Trove    | Got a smoking quarterstaff
 13877 | Trove    | Got a pitted bone ring
 13879 | Trove    | Identified the ring of Ostrukhla {Will+ Int+2 Stlth+} (You
                  | found it in a treasure trove)
 13888 | Trove    | Identified the +5 quarterstaff of the Trees {elec, *Slow
                  | Will- Int+8 Stlth+} (You found it in a treasure trove)
 14841 | D:11     | Found a staircase to the Orcish Mines.
 15133 | D:11     | Gained mutation: You resist negative energy. (rN+) [demonic
                  | ancestry]
 15133 | D:11     | Reached XP level 12. HP: 81/97 MP: 21/21
 15464 | D:11     | Paralysed by a hornet for 3 turns
 15551 | D:11     | Found a shimmering blue altar of Sif Muna.
 15600 | D:11     | Noticed a two-headed ogre
 15617 | D:11     | Killed a two-headed ogre
 15618 | D:11     | Reached skill level 10 in Fighting
 15996 | D:10     | Entered Level 10 of the Dungeon
 16835 | D:10     | Noticed Snorg
 16858 | D:10     | Killed Snorg
 17396 | D:9      | Found a staircase to the Lair.
 17665 | Lair:1   | Entered Level 1 of the Lair of Beasts
 17874 | Lair:1   | Noticed a five-headed hydra
 17889 | Lair:1   | Killed a five-headed hydra
 18348 | Lair:1   | Found a runed translucent door.
 18349 | Lair:1   | Noticed Raspi's ghost (journeyman TeGl)
 18575 | Lair:1   | Noticed Gastronok
 18598 | Lair:1   | Killed Gastronok
 19551 | Lair:2   | Reached skill level 11 in Fighting
 19580 | Lair:2   | Reached ***** piety under Lugonu
 19739 | Lair:2   | Identified the Reference Book on Warped Stones
 19759 | Lair:2   | Noticed a five-headed hydra
 19782 | Lair:2   | Reached XP level 13. HP: 53/106 MP: 23/23
 20608 | Lair:2   | Found a runed translucent door.
 20673 | Lair:2   | Reached skill level 1 in Dodging
 21389 | Lair:2   | Got a brightly glowing copper ring
 21898 | Lair:2   | Noticed tv1990's ghost (journeyman FoMo)
 23250 | Lair:3   | Identified the ring of Xipir {+Blink rN+ rCorr Str+4} (You
                  | found it on level 2 of the Lair of Beasts)
 23313 | Lair:3   | Found a staircase to the Swamp.
 25613 | Lair:4   | Found a staircase to the Snake Pit.
 25721 | Lair:4   | Reached XP level 14. HP: 68/113 MP: 24/24
 27051 | Lair:5   | Reached skill level 5 in Dodging
 27879 | Lair:6   | Entered Level 6 of the Lair of Beasts
 28300 | Lair:6   | Reached skill level 12 in Fighting
 28954 | Lair:6   | Found a large runed translucent door.
 28965 | Lair:6   | Found a large runed translucent door.
 29505 | Lair:6   | Found a viscous altar of Jiyva.
 29506 | Lair:6   | Found a staircase to the Slime Pits.
 31213 | Lair:6   | Found a stormy altar of Qazlal.
 31704 | D:8      | Killed Dirian's ghost
 31705 | D:8      | Reached skill level 13 in Fighting
 32207 | D:13     | Noticed Maurice
 32218 | D:13     | Reached ****** piety under Lugonu
 32251 | D:13     | Killed Maurice
 33237 | D:14     | Found a gate to the Vaults.
 33283 | D:14     | Gained mutation: You are somewhat able to resist unholy
                  | torments (1 in 2 success). [demonic ancestry]
 33283 | D:14     | Reached XP level 15. HP: 86/124 MP: 25/25
 33302 | D:14     | Reached skill level 1 in Evocations
 33547 | D:14     | Got a pair of steaming boots
 34482 | D:14     | Noticed Nessos
 34490 | D:14     | Killed Nessos
 34540 | D:14     | Found a sacrificial altar of Ru.
 34843 | D:15     | Entered Level 15 of the Dungeon
 34859 | D:15     | Noticed Rupert
 35197 | D:14     | Killed Rupert
 35198 | D:14     | Reached skill level 14 in Fighting
 35387 | D:15     | Identified the -4 pair of boots of Trumpets {rC+ Will+
                  | Dex-4 Stlth+} (You found it on level 14 of the Dungeon)
 36809 | D:15     | Found a staircase to the Depths.
 36815 | D:15     | Reached skill level 5 in Evocations
 37115 | Orc:1    | Entered Level 1 of the Orcish Mines
 37238 | Orc:1    | Found a roughly hewn altar of Beogh.
 37347 | Orc:1    | Noticed Fannar
 37385 | Orc:1    | Killed Fannar
 37953 | Orc:2    | Entered Level 2 of the Orcish Mines
 38245 | Orc:2    | Found a staircase to the Elven Halls.
 39152 | Orc:2    | Found Nomareach's Armour Shoppe.
 39152 | Orc:2    | Found Byidipas's Jewellery Shop.
 39152 | Orc:2    | Found Kycifael's Assorted Antiques.
 39155 | Orc:2    | Found Efeze's Assorted Antiques.
 39161 | Orc:2    | Bought a scroll of identify for 52 gold pieces
 39161 | Orc:2    | Bought a scroll of identify for 52 gold pieces
 39610 | Snake:1  | Entered Level 1 of the Snake Pit
 39654 | Snake:1  | Reached skill level 10 in Armour
 40438 | Snake:1  | Found a bloodstained altar of Trog.
 40503 | Snake:2  | Gained mutation: You have a pair of large antennae on your
                  | head. (SInv) [demonic ancestry]
 40503 | Snake:2  | Reached XP level 16. HP: 134/134 MP: 26/26
 40749 | Abyss:1  | Identified a scroll of acquirement
 40749 | Abyss:1  | Acquired 628 gold pieces
 40791 | Abyss:1  | Noticed a tentacled starspawn
 40796 | Snake:2  | Escaped the Abyss
 40799 | Snake:2  | HP: 5/134 [shock serpent/bolt of electricity (28)]
 40801 | Snake:2  | HP: 2/134 [naga/cursed -1 short sword (2)]
 40840 | Abyss:1  | Found a corrupted altar of Lugonu.
 41163 | Snake:2  | Escaped the Abyss
 41337 | Swamp:1  | Entered Level 1 of the Swamp
 41414 | Swamp:1  | Reached skill level 15 in Fighting
 41478 | Swamp:1  | Mangled by an alligator

Illustrated notes

Levels and vault maps discovered:
D:1:      dpeg_arrival_refuge, layout_basic, minmay_hexomino_c4
D:2:      layout_loops_ring
D:3:      minmay_roachtagon, layout_basic
D:4:      layout_loops_ring, minmay_temple_entry_sparse_star,
          uniq_crazy_yiuf_cottage, uniq_menkaure, uniq_blork_the_orc,
          uniq_edmund
D:5:      layout_basic, uniq_pikel
D:6:      layout_loops_ring, ashenzari_altar_1, serial_shops, shop,
          minmay_ruffians
D:7:      layout_cave_pools, minivault_27, corner_web_ring
D:8:      minmay_s_stair_smasher, layout_basic, ebering_ghost_disaster_area,
          uniq_psyche
D:9:      layout_rooms, david_lair_shrubbed, basic_altar
D:10:     layout_roguey, uniq_snorg
D:11:     layout_irregular_city, david_orc_1_choice,
          nicolae_trove_entry_free_sample, tgw_sif
D:12:     layout_gridville, enter_bailey_3, roderic_st_hans_cross, uniq_sonja,
          uniq_nergalle
D:13:     layout_roguey, uniq_maurice
D:14:     layout_roguey, lightli_vaults_fourway_checkpoint, serial_corexii_hall,
          chequers_hall_statues_wall_a, corexii_hall_statues_u,
          nicolae_ru_the_path_less_chosen, uniq_nessos
D:15:     grunt_enter_depths_snipers, layout_loops_ring, minmay_strange_pillars,
          minmay_checkerbox, uniq_rupert
Lair:1:   layout_regular_city, hellmonk_ghost_happy_afterlife, uniq_gastronok
Lair:2:   kb_forest_paths, layout_chaotic_city, ebering_ghost_reflecting_pool
Lair:3:   lemuel_reptile_caves, layout_loops_ring, minmay_swamp_entry_worms,
          chequers_serial_rivers_large_b
Lair:4:   layout_roguey, minmay_snake_entry_guardpost_small, grunt_megastairs_4,
          infiniplex_staircase_pool_2
Lair:5:   layout_cellular_growth, roderic_batcave, minivault_26
Lair:6:   cheibrodos_lair_end_hotspot, layout_layer_cave,
          dpeg_slime_entry_enclosed_altar, basic_altar,
          infiniplex_staircase_pool
Swamp:1:  layout_basic_swamp, hangedman_swamp_ruin_hall, uniq_kirke
Snake:1:  layout_onion, basic_altar
Snake:2:  layout_rooms, uniq_vashnia
Orc:1:    layout_caves, basic_altar, nicolae_orc_damp_corner, uniq_fannar
Orc:2:    st_orc_rangers, layout_caves

Skill      XL: |  1  2  3  4  5  6  7  8  9 10 11 12 13 14 15 16 |
---------------+-------------------------------------------------+-----
Polearms       | 2 3 4 5 6 7 9 10 12 13 14 | 14.0
Shields        | 1 2 3 4 |  4.1
Armour         | 2 3 4 5 7 9 10 | 10.3
Invocations    | 3 6 8 10 12 13 | 13.8
Fighting       | 4 5 6 8 9 11 13 14 15 | 15.0
Dodging        | 4 8 9 |  9.4
Evocations     | 6 7 |  7.0

Action                   |  1- 3 |  4- 6 |  7- 9 | 10-12 | 13-15 | 16-18 || total
-------------------------+-------+-------+-------+-------+-------+-------++-------
Melee: Spear             |   130 |   320 |       |       |       |       ||   450
       Mace              |       |     4 |       |       |       |       ||     4
       Trident           |       |       |   377 |  1121 |   960 |       ||  2458
       Demon trident     |       |       |       |       |  1360 |    84 ||  1444
Invok: Banish            |       |       |       |    13 |     6 |     1 ||    20
       Bend Space        |       |       |       |       |     1 |     1 ||     2
       Depart the Abyss  |       |       |       |       |       |     2 ||     2
       Enter the Abyss   |       |       |       |       |       |     2 ||     2
 Abil: Stop Flying       |       |       |       |     1 |       |       ||     1
       Evoke Flight      |       |       |       |       |     1 |       ||     1
Evoke: Wand              |       |    13 |     8 |    10 |       |       ||    31
  Use: Scroll            |     1 |    11 |     1 |    14 |    28 |     6 ||    61
       Potion            |     1 |     9 |     8 |     4 |     2 |     5 ||    29
 Stab: Sleeping          |     1 |     6 |       |       |       |       ||     7
       Distracted        |     1 |       |       |       |       |       ||     1
       Paralysed         |       |     3 |       |       |       |       ||     3
Armor: Leather armour    |    43 |    24 |       |       |       |       ||    67
       Chain mail        |       |    75 |   177 |   520 |   461 |       ||  1233
       Skin              |       |       |    40 |    23 |       |       ||    63
       Gold dragon scale |       |       |       |       |   206 |    42 ||   248
Dodge: Dodged            |    76 |    81 |   109 |   271 |   577 |    20 ||  1134
Block: Buckler           |       |    62 |    93 |   222 |   767 |    48 ||  1192
       Reflection        |       |       |       |       |    96 |     4 ||   100
